 Dungeon Crawl Stone Soup version 0.30-a0-702-gdf48620a09 (webtiles) character file.

Game seed: 15040015615297458479

7653 holysushi the Skirmisher (level 11, 0/59 (81) HPs)
             Began as a Formicid Hunter on Jan 21, 2023.
             Was a High Priest of Okawaru.
             Killed from afar by Josephine (28 damage)
             ... with a ghostly fireball
             ... on level 9 of the Dungeon.
             The game lasted 00:18:50 (10277 turns).

holysushi the Skirmisher (Formicid Hunter)         Turns: 10277, Time: 00:18:50

HP:   0/59 (81)     AC: 10    Str: 16    XL:     11   Next: 41%
MP:   15/15         EV: 13    Int:  9    God:    Okawaru [*****.]
Gold: 623           SH: 12    Dex: 21    Spells: 10/10 levels left

rFire   . . .      SeeInvis +    a - +4 shortbow
rCold   . . .      Faith    +    y - +1 kite shield
rNeg    . . .      Spirit   .    c - +0 leather armour
rPois   +          Reflect  .    (helmet unavailable)
rElec   .          Harm     .    (no cloak)
rCorr   .          Rampage  .    m - +2 pair of gloves
Will    +....                    (no boots)
Stlth   ++                       p - amulet of faith
HPRegen 0.29/turn                n - +4 ring of protection
MPRegen 0.14/turn                e - ring of poison resistance

@: very heavily drained
A: permanent stasis, dig shafts and tunnels, antennae 3, four strong arms
a: Dig, Shaft Self, Renounce Religion, Heroism, Finesse, Duel


You were on level 9 of the Dungeon.
You worshipped Okawaru.
Okawaru was extremely pleased with you.
You visited 1 branch of the dungeon, and saw 10 of its levels.
You also visited: Sewer and Bailey.

You collected 623 gold pieces.

Inventory:

Hand Weapons
 a - a +4 shortbow (weapon)
Missiles
 f - a throwing net
Armour
 c - a +0 leather armour (worn)
 m - a +2 pair of gloves (worn)
 t - the +8 crystal plate armour of the Northern Lights {Drain Dex+5 SInv}
   (You acquired it in a bailey)

   Dex:       It affects your dexterity (+5).
   SInv:      It lets you see invisible.
   Drain:     It drains your maximum health when unequipped.
 w - a +2 ring mail of willpower
 y - a +1 kite shield (worn)
Jewellery
 e - a ring of poison resistance (right hand)
 n - a +4 ring of protection (left hand)
 p - an amulet of faith (around neck)
 z - the ring of Kasir {Int+6 Dex+3 Stlth+}
   (You took it off an orc priest on level 9 of the Dungeon)

   [ring of intelligence]

   Int:       It affects your intelligence (+6).
   Dex:       It affects your dexterity (+3).
   Stlth:     It makes you more stealthy.
Wands
 i - a wand of flame (45)
 v - a wand of polymorph (6)
 x - a wand of light (2)
Scrolls
 b - 3 scrolls of immolation
 l - a scroll of fog
 B - a scroll of identify
 C - a scroll of fear {unknown}
Potions
 d - 2 potions of magic
 g - 4 potions of might
 h - 4 potions of curing
 j - a potion of heal wounds
 k - 3 potions of flight
 o - a potion of ambrosia
 q - 3 potions of degeneration {unknown}
 r - a potion of lignification
 s - a potion of berserk rage {unknown}
 u - a potion of mutation {unknown}
 A - a potion of brilliance


   Skills:
 - Level 6.0 Fighting
 + Level 14.6 Ranged Weapons
 + Level 1.0 Armour
 - Level 4.0 Dodging
 - Level 1.2 Stealth
 + Level 5.1 Shields
 + Level 5.7 Invocations


You had 10 spell levels left.
You didn't know any spells.
Your spell library contained the following spells:

 Spells                   Type           Power      Damage    Failure   Level
 Magic Dart               Conj           0%         1d3       73%         1
 Ensorcelled Hibernation  Hex/Ice        0%         N/A       86%         2
 Passwall                 Tmut/Erth      0%         N/A       86%         2
 Searing Ray              Conj           0%         2d4       86%         2
 Fulminant Prism          Conj/Hex       0%         3d5       100%        4
 Freezing Cloud           Conj/Ice/Air   0%         6-21      100%        5
 Polar Vortex             Ice            0%         N/A       100%        9
 Swiftness                Air            Unusable   N/A       N/A         3
 Simulacrum               Ice/Necr       Unusable   N/A       N/A         6

Dungeon Overview and Level Annotations

Branches:
Dungeon (10/15) Zot: 26921  Temple (0/1) D:6           Sewer (visited)
 Bailey (visited)
   Lair: D:8-11         Orc: D:9-12

Altars:
Hepliaklqana
Okawaru

Shops:
D:5 (   D:8 [

Annotations:
D:2 1 runed translucent door, Crazy Yiuf
D:9 Josephine


Innate Abilities, Weirdness & Mutations

You cannot be hasted, slowed, berserked, paralysed or teleported.
You can dig through walls and to a lower floor.
You have a pair of large antennae on your head. (SInv)
Your four strong arms can wield two-handed weapons with a shield.


Message History

Press: ? - help, Q - select action, (/) - cycle Shift-Dir - straight line, f/p - wraith
Aim: a wraith (severely damaged, 74% to hit)
You shoot an arrow.
The arrow hits the wraith but does no damage.
The wraith is severely damaged.
You block the wraith's attack.
Josephine screams, "I'll use your head as a decoration in my hut!"
Josephine casts a spell at you.
The ghostly flame explodes!
The ghostly fireball engulfs you!
You feel drained.
* * * LOW HITPOINT WARNING * * *
The ghostly fireball engulfs Josephine.
Josephine completely resists.
The ghostly fireball engulfs the wraith.
The wraith completely resists.
Fire: a) +4 shortbow
Press: ? - help, Q - select action, (/) - cycle Shift-Dir - straight line, f/p - wraith
Aim: a wraith (severely damaged, 74% to hit)
You shoot an arrow.
The arrow hits the wraith but does no damage.
The wraith is severely damaged.
You block the wraith's attack. You block Josephine's attack.
Okay, then.
Unknown command.
You feel much better. The wraith closely misses you.
You block Josephine's attack.
Josephine hits you with a +6 dagger of speed!
You extend your mandibles.
You dig through the rock wall.
You feel drained.
Josephine hits you with a +6 dagger of speed.
You dig through the rock wall.
You feel drained.
You dig through the rock wall.
You feel drained.
Aiming: Bolt of Light
Press: ? - help, Shift-Dir - straight line, f - Josephine
Aim: Josephine, wielding a +6 dagger of speed and wearing a +0 robe (lightly wounded, 71% to hit)
The bolt of light hits Josephine!
Josephine is moderately wounded.
Josephine is blinded.
You block Josephine's attack. Josephine casts a spell at you.
The ghostly flame explodes!
The ghostly fireball engulfs you!!
You feel drained.
You die...

##.##.# #.###.##.###.#
##...#.# #.##...#.....#
##......# #....#.....#.#
#.......#######.##...#####.#
##..............###.## #..
####.....#######..>)..# ###
#........# #.)#####
#.####...# ####..# #.# #.###
##@##..# #.# #.# #@###..#
#.# #.# ##{##..# ####.####.#
#.W>...# ..........#
#.####.# .####.##### #.#
#.########### .# #.# #.#
#...........# .## #[# #.#
#.#########.# ..###.# #.#
#.# #.#


You could see Josephine (blind).

Vanquished Creatures
  An orc sorcerer (Bailey)
  Maggie (D:6)
  A kobold demonologist (Bailey)
  A troll (D:9)
  Grinder (D:6)
  Sigmund (D:3)
  Eustachio (D:6)
  11 yaks
  4 steam dragons
  2 water moccasins
  Duvessa (D:7)
  6 orc warriors (Bailey)
  A black bear (D:5)
  3 sky beasts
  2 centaurs
  2 phantoms
  4 bullfrogs
  3 kobold brigands
  Blork the orc (D:5)
  A gnoll sergeant (D:7)
  A scorpion (D:7)
  2 wights (D:9)
  Dowan (D:7)
  10 howler monkeys
  5 electric eels (Bailey)
  3 jellies
  6 orc priests
  2 hounds
  2 iguanas
  Natasha (twice) (D:4 D:3)
  7 orc wizards
  11 adders
  10 gnolls
  A river rat (D:4)
  6 dart slugs
  2 worms (D:4)
  25 orcs
  13 ball pythons
  12 endoplasms
  7 giant cockroaches
  9 goblins
  11 hobgoblins
  4 jackals (D:2)
  19 kobolds
  17 quokkas
  7 bats
  11 frilled lizards
  7 rats
261 creatures vanquished.

Vanquished Creatures (others)
  4 fungi
4 creatures vanquished.

Grand Total: 265 creatures vanquished

Notes
Turn   | Place    | Note
-------+----------+-------------------------------------------
     0 | D:1      | holysushi the Formicid Hunter began the quest for the Orb.
     0 | D:1      | Reached XP level 1. HP: 16/16 MP: 1/1
   165 | D:1      | Reached XP level 2. HP: 23/23 MP: 2/2
   186 | D:1      | Found a faded altar of an unknown god.
   202 | D:1      | Prayed at the altar of an unknown god.
   202 | D:1      | Became a worshipper of Warmaster Okawaru
   202 | D:1      | Reached * piety under Okawaru
   515 | D:1      | Reached XP level 3. HP: 28/28 MP: 3/3
   825 | D:2      | Reached skill level 1 in Invocations
   826 | D:2      | Reached XP level 4. HP: 35/35 MP: 3/5
  1000 | D:2      | Reached skill level 5 in Ranged Weapons
  1118 | D:2      | Found a runed translucent door.
  1119 | D:2      | Noticed Crazy Yiuf
  1165 | D:2      | Reached XP level 5. HP: 39/41 MP: 6/6
  1928 | D:3      | Reached XP level 6. HP: 29/47 MP: 8/8
  1943 | D:3      | Reached skill level 6 in Ranged Weapons
  2182 | D:3      | Found a hazy altar of Hepliaklqana.
  2279 | D:3      | Noticed Sigmund
  2316 | D:3      | Killed Sigmund
  2317 | D:3      | Reached XP level 7. HP: 32/53 MP: 7/9
  2861 | D:4      | Noticed Natasha
  2866 | D:4      | HP: 1/53 [orc priest/divine providence (9)]
  2882 | D:4      | Killed Natasha
  3027 | D:4      | Found a glowing drain.
  3041 | Sewer    | Entered a sewer
  3172 | Sewer    | Reached skill level 7 in Ranged Weapons
  3276 | Sewer    | Found the +8 trishula "Condemnation" {holy, anguish, *Noise
                  | Fly rN+}
  3296 | Sewer    | Reached XP level 8. HP: 50/61 MP: 10/10
  3575 | D:4      | Noticed Natasha
  3865 | D:3      | Killed Natasha
  3866 | D:3      | Reached skill level 5 in Fighting
  4281 | D:4      | You fall into a shaft and drop 1 floor!
  4281 | D:5      | Entered Level 5 of the Dungeon
  4332 | D:5      | Noticed Blork the orc
  4338 | D:5      | Killed Blork the orc
  4338 | D:5      | Reached ** piety under Okawaru
  4377 | D:5      | Reached skill level 8 in Ranged Weapons
  4508 | D:5      | Found Keryob's Weapon Shoppe.
  5341 | D:6      | Noticed Eustachio
  5376 | D:6      | Killed Eustachio
  5377 | D:6      | Reached skill level 9 in Ranged Weapons
  5377 | D:6      | Reached XP level 9. HP: 68/69 MP: 11/11
  5386 | D:6      | Noticed Maggie
  5441 | D:6      | Noticed Grinder
  5529 | D:6      | Killed Maggie
  5529 | D:6      | Reached *** piety under Okawaru
  5530 | D:6      | Reached skill level 10 in Ranged Weapons
  5549 | D:6      | Killed Grinder
  5549 | D:6      | Reached **** piety under Okawaru
  5839 | D:6      | Found a staircase to the Ecumenical Temple.
  5958 | D:6      | Reached skill level 11 in Ranged Weapons
  6703 | D:7      | Reached ***** piety under Okawaru
  6704 | D:7      | Reached skill level 12 in Ranged Weapons
  6704 | D:7      | Reached XP level 10. HP: 68/76 MP: 12/12
  6784 | D:7      | Noticed Dowan
  6826 | D:7      | Noticed Duvessa
  6834 | D:7      | Killed Duvessa
  6840 | D:7      | Killed Dowan
  7303 | D:8      | Found Mevexu's Armour Emporium.
  7386 | D:7      | Reached skill level 13 in Ranged Weapons
  7386 | D:7      | Reached skill level 1 in Shields
  8098 | D:9      | Received a gift from Okawaru
  8310 | D:9      | Reached skill level 5 in Shields
  8332 | D:9      | Reached XP level 11. HP: 60/81 MP: 13/13
  8343 | D:9      | Reached skill level 14 in Ranged Weapons
  8432 | D:9      | Found a flagged portal.
  8443 | Bailey   | Entered a bailey
  8715 | Bailey   | Noticed an orc sorcerer
  8730 | Bailey   | Killed an orc sorcerer
  9143 | Bailey   | Acquired the +8 crystal plate armour of the Northern Lights
                  | {Drain Dex+5 SInv}
  9251 | Bailey   | Found an iron altar of Okawaru.
  9271 | Bailey   | Reached skill level 5 in Invocations
  9351 | Bailey   | Identified the +11 war axe of Luxury {drain, Str+4}
  9772 | D:9      | Identified the ring of Kasir {Int+6 Dex+3 Stlth+}
 10199 | D:10     | Entered Level 10 of the Dungeon
 10215 | D:9      | Reached skill level 1 in Armour
 10257 | D:10     | Noticed Josephine
 10277 | D:9      | Killed from afar by Josephine

Illustrated notes

Levels and vault maps discovered:
D:1:      saegor_arrival_miasma, layout_loops_ring,
          ebering_ecumenical_altar_box, minivault_24, hex_large, st_stairs_10
D:2:      layout_basic, serial_glass, glass_columns_b, glass_columns_c,
          minmay_three_crescents, uniq_crazy_yiuf_cottage
D:3:      layout_loops_ring, mainiacjoe_overflow_boulevard, uniq_sigmund
D:4:      layout_loops_cross, gup_sewer_entry_bubbles, uniq_natasha
D:5:      layout_basic, serial_shops, nicolae_take_the_stairs,
          nicolae_kite_square_tiling_tiny, kennysheep_nub, lemuel_flame_loot_1,
          uniq_blork_the_orc
D:6:      layout_rooms, minmay_temple_entry_slanted, uniq_grinder, uniq_maggie,
          uniq_eustachio
D:7:      layout_loops_ring, uniq_duvessa
D:8:      layout_cave_pools, serial_shops, shop
D:9:      layout_loops_ring, enter_bailey_8
D:10:     layout_roguey, orc_david_3, hangedman_abyss_or_decor_lesser_grid,
          small_statue_alley_a, uniq_grum, uniq_josephine

Skill      XL: |  1  2  3  4  5  6  7  8  9 10 11 |
---------------+----------------------------------+-----
Fighting       | 3 4 6 |  6.0
Invocations    | 1 2 3 5 |  5.7
Ranged Weapons | 5 6 7 9 12 13 14 | 14.6
Dodging        | 2 3 4 |  4.0
Shields        | 5 |  5.1
Armour         | 1 |  1.0
Stealth        | |  1.2

Action                   |  1- 3 |  4- 6 |  7- 9 | 10-12 || total
-------------------------+-------+-------+-------+-------++-------
Melee: Shortbow          |       |     1 |       |       ||     1
 Fire: Shortbow          |    53 |   160 |   430 |   399 ||  1042
Invok: Heroism           |       |     2 |     2 |     3 ||     7
 Abil: Dig               |       |     6 |     2 |     4 ||    12
Evoke: Wand              |       |       |       |     1 ||     1
  Use: Potion            |       |     2 |     3 |     1 ||     6
       Scroll            |       |       |    11 |     9 ||    20
Armor: Leather armour    |     2 |    45 |    61 |    43 ||   151
       Skin              |       |     4 |     1 |       ||     5
Dodge: Dodged            |    11 |    88 |   129 |    90 ||   318
Block: Kite shield       |       |       |       |    98 ||    98

Table legend: (Time is in decaauts)
 A = Elapsed time spent in this place.
 B = Non-inter-level travel time spent in this place.
 C = Inter-level travel time spent in this place.
 D = Time resting spent in this place.
 E = Time spent auto-exploring this place.
 F = Levels seen in this place.
 G = Mean time per level.
                   A        B        C        D        E       F      G
               +--------+--------+--------+--------+--------+-----+--------+
         Total |  10434 |   9890 |    544 |   1828 |   5242 |  12 |  869.5 |
       Dungeon |   8761 |   8217 |    544 |   1312 |   4847 |  10 |  876.1 |
         Sewer |    365 |    365 |      0 |      0 |    148 |   1 |  365.0 |
        Bailey |   1307 |   1307 |      0 |    516 |    246 |   1 | 1307.0 |
               +--------+--------+--------+--------+--------+-----+--------+

Top non-repeatable levels by time:
     D:3: 1570 daAuts
  Bailey: 1307 daAuts
     D:4: 1123 daAuts
     D:2: 984 daAuts
     D:5: 926 daAuts
     D:9: 894 daAuts
     D:7: 865 daAuts
     D:8: 803 daAuts
     D:6: 793 daAuts
     D:1: 752 daAuts
   Sewer: 365 daAuts
    D:10: 46 daAuts
